| TOP OF THE 1ST |
|
Albuquerque Dukes batting - Pitching for San Antonio Missions : RHP William Fewox
|
|
Pitching: RHP William Fewox
|
|
|
Batting: RHB Aaron Cain
|
0-0: Ball 1-0: Called Strike 1-1: Swinging Strike 1-2: Foul Ball, location: 2F 1-2: Foul Ball, location: 2F 1-2: Ground out 3-1 (Groundball, 34S, EV 85.0 MPH)
|
|
Batting: RHB Jeffrey Ronk
|
0-0: Swinging Strike 0-1: Foul Ball, location: 2F 0-2: Foul Ball, location: 2F 0-2: Ball 1-2: Ball 2-2: Fly out, F8 (Flyball, 89M, EV 81.3 MPH)
|
|
Batting: SHB Spike Owen
|
0-0: Fly out, F7 (Flyball, 78D, EV 76.9 MPH)
|
| Top of the 1st over - 0 runs, 0 hits, 0 errors, 0 left on base; Albuquerque 0 - San Antonio 0 |
| BOTTOM OF THE 1ST |
|
San Antonio Missions batting - Pitching for Albuquerque Dukes : RHP Rob Mendoza
|
|
Pitching: RHP Rob Mendoza
|
|
|
Batting: LHB John Elway
|
0-0: Called Strike 0-1: Ball 1-1: Ball 2-1: Ball 3-1: Base on Balls
|
|
Batting: LHB John D Morris
|
0-0: Ball John Elway is caught stealing 2nd base 2-6 1-0: Swinging Strike 1-1: Foul Ball, location: 2F 1-2: Fly out, F7 (Flyball, 7D, EV 86.9 MPH)
|
|
Batting: LHB Lee Pruitt
|
0-0: Foul Ball, location: 2F 0-1: Fly out, F9 (Flyball, 9D, EV 105.6 MPH)
|
| Bottom of the 1st over - 0 runs, 0 hits, 0 errors, 0 left on base; Albuquerque 0 - San Antonio 0 |
| TOP OF THE 2ND |
|
Albuquerque Dukes batting - Pitching for San Antonio Missions : RHP William Fewox
|
|
Batting: LHB Dave Yobs
|
0-0: Ball 1-0: Ball 2-0: Ball 3-0: Called Strike 3-1: Base on Balls
|
|
Batting: RHB George Foussianes
|
0-0: Called Strike 0-1: Ball 1-1: Grounds into double play, 5-4-3 (Groundball, 5, EV 102.5 MPH)
|
|
Batting: LHB Andres Romero
|
0-0: Called Strike 0-1: Ball 1-1: Ball 2-1: Ground out 4-3 (Groundball, 4, EV 85.0 MPH)
|
| Top of the 2nd over - 0 runs, 0 hits, 0 errors, 0 left on base; Albuquerque 0 - San Antonio 0 |
| BOTTOM OF THE 2ND |
|
San Antonio Missions batting - Pitching for Albuquerque Dukes : RHP Rob Mendoza
|
|
Batting: RHB Larry Hamilton
|
0-0: Called Strike 0-1: Swinging Strike 0-2: Ball 1-2: Ball 2-2: SINGLE (Groundball, 6M, EV 103.8 MPH)
|
|
Batting: LHB Steven Fortune
|
0-0: Called Strike 0-1: Ball 1-1: Foul Ball, location: 2F 1-2: Grounds into double play, 4-6-3 (Groundball, 4, EV 90.6 MPH)
|
|
Batting: RHB Ed Hearn
|
0-0: Called Strike 0-1: Fly out, F8 (Flyball, 8RS, EV 90.0 MPH)
|
| Bottom of the 2nd over - 0 runs, 1 hit, 0 errors, 0 left on base; Albuquerque 0 - San Antonio 0 |
| TOP OF THE 3RD |
|
Albuquerque Dukes batting - Pitching for San Antonio Missions : RHP William Fewox
|
|
Batting: LHB Matthew Henderson
|
0-0: Ball 1-0: Foul Ball, location: 2F 1-1: Foul Ball, location: 2F 1-2: Ball 2-2: Fly out, F8 (Flyball, 8RXD, EV 100.6 MPH)
|
|
Batting: RHB Mark Maher
|
0-0: Ball 1-0: Called Strike 1-1: Swinging Strike 1-2: Strikes out looking
|
|
Batting: RHB Edward Gates
|
0-0: Called Strike 0-1: Ground out 6-3 (Groundball, 56, EV 84.4 MPH)
|
| Top of the 3rd over - 0 runs, 0 hits, 0 errors, 0 left on base; Albuquerque 0 - San Antonio 0 |
| BOTTOM OF THE 3RD |
|
San Antonio Missions batting - Pitching for Albuquerque Dukes : RHP Rob Mendoza
|
|
Batting: RHB Amos Lewis
|
0-0: Called Strike 0-1: Swinging Strike 0-2: Ball 1-2: Foul Ball, location: 2F 1-2: Strikes out swinging
|
|
Batting: LHB Matt Nokes
|
0-0: Ball 1-0: Ball 2-0: Foul Ball, location: 2F 2-1: Fly out, F8 (Flyball, 8RS, EV 84.4 MPH)
|
|
Batting: RHB Houston Jimenez
|
0-0: Foul Ball, location: 2F 0-1: Ball 1-1: Reached on error, E3 (Groundball, 34S, EV 86.9 MPH)
|
|
Batting: LHB John Elway
|
0-0: Ball 1-0: Foul Ball, location: 2F 1-1: Ball 2-1: Called Strike Houston Jimenez steals 2nd base 2-2: Foul Ball, location: 2F 2-2: Foul Ball, location: 2F 2-2: Foul Ball, location: 2F 2-2: Ground out 6-3 (Groundball, 6, EV 89.4 MPH)
|
| Bottom of the 3rd over - 0 runs, 0 hits, 1 error, 1 left on base; Albuquerque 0 - San Antonio 0 |
| TOP OF THE 4TH |
|
Albuquerque Dukes batting - Pitching for San Antonio Missions : RHP William Fewox
|
|
Batting: RHB Aaron Cain
|
0-0: Fly out, F8 (Flyball, 78D, EV 89.4 MPH)
|
|
Batting: RHB Jeffrey Ronk
|
0-0: Ball 1-0: Ball 2-0: Ball 3-0: Called Strike 3-1: Base on Balls
|
|
Batting: SHB Spike Owen
|
0-0: Foul Ball, location: 2F 0-1: Called Strike 0-2: Ball 1-2: Foul Ball, location: 2F 1-2: Fly out, F9 (Flyball, 9, EV 90.0 MPH)
|
|
Batting: LHB Dave Yobs
|
0-0: Called Strike 0-1: Fly out, F9 (Flyball, 9S, EV 93.1 MPH)
|
| Top of the 4th over - 0 runs, 0 hits, 0 errors, 1 left on base; Albuquerque 0 - San Antonio 0 |
| BOTTOM OF THE 4TH |
|
San Antonio Missions batting - Pitching for Albuquerque Dukes : RHP Rob Mendoza
|
|
Batting: LHB John D Morris
|
0-0: Ball 1-0: Ball 2-0: Foul Ball, location: 2F 2-1: Ball 3-1: Base on Balls
|
|
Batting: LHB Lee Pruitt
|
0-0: Ball 1-0: Ball 2-0: Ball 3-0: Base on Balls John D Morris to second
|
|
Batting: RHB Larry Hamilton
|
0-0: Swinging Strike 0-1: Foul Ball, location: 2F 0-2: Ball 1-2: Ball 2-2: Fly out, F8 (Flyball, 8RXD, EV 89.4 MPH) Runner from 2nd tags up, SAFE at 3rd, no throw by CF
|
|
Batting: LHB Steven Fortune
|
0-0: Called Strike 0-1: Ball 1-1: Swinging Strike 1-2: Foul Ball, location: 2F 1-2: Ball 2-2: Strikes out swinging
|
|
Batting: RHB Ed Hearn
|
0-0: Foul Ball, location: 2F 0-1: Swinging Strike 0-2: Foul Ball, location: 2F 0-2: Strikes out swinging
|
| Bottom of the 4th over - 0 runs, 0 hits, 0 errors, 2 left on base; Albuquerque 0 - San Antonio 0 |
| TOP OF THE 5TH |
|
Albuquerque Dukes batting - Pitching for San Antonio Missions : RHP William Fewox
|
|
Batting: RHB George Foussianes
|
0-0: Foul Ball, location: 2F 0-1: Foul Ball, location: 2F 0-2: Strikes out swinging
|
|
Batting: LHB Andres Romero
|
0-0: Called Strike 0-1: Ball 1-1: Called Strike 1-2: Strikes out swinging
|
|
Batting: LHB Matthew Henderson
|
0-0: Foul Ball, location: 2F 0-1: Hit by Pitch
|
|
Batting: RHB Mark Maher
|
0-0: Called Strike 0-1: Fly out, F8 (Flyball, 8LD, EV 91.3 MPH)
|
| Top of the 5th over - 0 runs, 0 hits, 0 errors, 1 left on base; Albuquerque 0 - San Antonio 0 |
| BOTTOM OF THE 5TH |
|
San Antonio Missions batting - Pitching for Albuquerque Dukes : RHP Rob Mendoza
|
|
Batting: RHB Amos Lewis
|
0-0: Foul Ball, location: 2F 0-1: Swinging Strike 0-2: Ball 1-2: Fly out, F9 (Flyball, 9LM, EV 80.0 MPH)
|
|
Batting: LHB Matt Nokes
|
0-0: Called Strike 0-1: Ball 1-1: Swinging Strike 1-2: Ball 2-2: Foul Ball, location: 2F 2-2: Ball 3-2: Fly out, F8 (Flyball, 8LM, EV 90.6 MPH)
|
|
Batting: RHB Houston Jimenez
|
0-0: Ball 1-0: Ground out 5-3 (Groundball, 25, EV 80.6 MPH)
|
| Bottom of the 5th over - 0 runs, 0 hits, 0 errors, 0 left on base; Albuquerque 0 - San Antonio 0 |
| TOP OF THE 6TH |
|
Albuquerque Dukes batting - Pitching for San Antonio Missions : RHP William Fewox
|
|
Batting: RHB Edward Gates
|
0-0: Called Strike 0-1: Ball 1-1: Ball 2-1: Called Strike 2-2: Ball 3-2: Base on Balls
|
|
Batting: RHB Aaron Cain
|
0-0: Ball 1-0: Ball 2-0: Swinging Strike 2-1: Foul Ball, location: 2F 2-2: Fly out, F8 (Line Drive, 8LM, EV 103.1 MPH)
|
|
Batting: RHB Jeffrey Ronk
|
0-0: 2-RUN HOME RUN (Flyball, 78XD, EV 101.3 MPH), Distance : 442 ft
|
|
Batting: SHB Spike Owen
|
0-0: Ball 1-0: Ball 2-0: Foul Ball, location: 2F 2-1: Ground out 6-3 (Groundball, 56D, EV 88.8 MPH)
|
|
Batting: LHB Dave Yobs
|
0-0: Called Strike 0-1: Ball 1-1: Called Strike 1-2: Ball 2-2: Strikes out looking
|
| Top of the 6th over - 2 runs, 1 hit, 0 errors, 0 left on base; Albuquerque 2 - San Antonio 0 |
| BOTTOM OF THE 6TH |
|
San Antonio Missions batting - Pitching for Albuquerque Dukes : RHP Rob Mendoza
|
|
Batting: LHB John Elway
|
0-0: Swinging Strike 0-1: Ground out 4-3 (Groundball, 4, EV 76.9 MPH)
|
|
Batting: LHB John D Morris
|
0-0: Fly out, F9 (Flyball, 9S, EV 85.6 MPH)
|
|
Batting: LHB Lee Pruitt
|
0-0: Swinging Strike 0-1: Foul Ball, location: 2F 0-2: Foul Ball, location: 2F 0-2: Ball 1-2: Ground out 6-3 (Groundball, 6, EV 75.6 MPH)
|
| Bottom of the 6th over - 0 runs, 0 hits, 0 errors, 0 left on base; Albuquerque 2 - San Antonio 0 |
| TOP OF THE 7TH |
|
Albuquerque Dukes batting - Pitching for San Antonio Missions : RHP William Fewox
|
|
Batting: RHB George Foussianes
|
0-0: Ground out 4-3 (Groundball, 4, EV 108.8 MPH)
|
|
Batting: LHB Andres Romero
|
0-0: Ball 1-0: Ball 2-0: Ball 3-0: Base on Balls
|
|
Batting: LHB Matthew Henderson
|
0-0: Called Strike 0-1: Ball 1-1: Ball 2-1: Foul Ball, location: 2F 2-2: Strikes out swinging
|
|
Batting: RHB Mark Maher
|
0-0: Ball 1-0: Foul Ball, location: 2F 1-1: Ball 2-1: Ball 3-1: Called Strike 3-2: Strikes out swinging
|
| Top of the 7th over - 0 runs, 0 hits, 0 errors, 1 left on base; Albuquerque 2 - San Antonio 0 |
| BOTTOM OF THE 7TH |
|
San Antonio Missions batting - Pitching for Albuquerque Dukes : RHP Rob Mendoza
|
|
Batting: RHB Larry Hamilton
|
0-0: Called Strike 0-1: Ball 1-1: Ball 2-1: Ball 3-1: Base on Balls
|
|
Batting: LHB Steven Fortune
|
0-0: Called Strike 0-1: Ball 1-1: Reached on error, E6 (Flyball, 56D, EV 83.1 MPH) Larry Hamilton to second
|
|
Pinch Hitting: LHB Jerold Johnston
|
0-0: Called Strike 0-1: Ball 1-1: Ball 2-1: Ball 3-1: Base on Balls Larry Hamilton to third Steven Fortune to second
|
|
Pinch Hitting: SHB Wallace Johnson
|
0-0: Called Strike 0-1: Ball 1-1: Swinging Strike 1-2: Strikes out looking
|
|
Batting: LHB Matt Nokes
|
0-0: Called Strike 0-1: Ball 1-1: Foul Ball, location: 2F 1-2: Foul Ball, location: 2F 1-2: Ball 2-2: Strikes out swinging
|
|
Pinch Hitting: SHB Jose Moreno
|
0-0: Called Strike 0-1: Swinging Strike 0-2: Ball 1-2: Strikes out swinging
|
| Bottom of the 7th over - 0 runs, 0 hits, 1 error, 3 left on base; Albuquerque 2 - San Antonio 0 |
| TOP OF THE 8TH |
|
Albuquerque Dukes batting - Pitching for San Antonio Missions : RHP William Fewox
|
|
Now at 2B: Jose Moreno
|
|
|
Now at 3B: Jack Clark
|
|
|
Now at SS: Archie Amerson
|
|
|
Batting: RHB Edward Gates
|
0-0: Fly out, F8 (Flyball, 8RD, EV 93.1 MPH)
|
|
Batting: RHB Aaron Cain
|
0-0: Called Strike 0-1: Foul Ball, location: 2F 0-2: Strikes out swinging
|
|
Batting: RHB Jeffrey Ronk
|
0-0: Fly out, F8 (Flyball, 8LD, EV 106.3 MPH)
|
| Top of the 8th over - 0 runs, 0 hits, 0 errors, 0 left on base; Albuquerque 2 - San Antonio 0 |
| BOTTOM OF THE 8TH |
|
San Antonio Missions batting - Pitching for Albuquerque Dukes : RHP Rob Mendoza
|
|
Batting: LHB John Elway
|
0-0: Called Strike 0-1: Called Strike 0-2: Strikes out looking
|
|
Batting: LHB John D Morris
|
0-0: Swinging Strike 0-1: Foul Ball, location: 2F 0-2: Strikes out swinging
|
|
Batting: LHB Lee Pruitt
|
0-0: Called Strike 0-1: Foul Ball, location: 2F 0-2: Ball 1-2: Fly out, F8 (Flyball, 89M, EV 85.6 MPH)
|
| Bottom of the 8th over - 0 runs, 0 hits, 0 errors, 0 left on base; Albuquerque 2 - San Antonio 0 |
| TOP OF THE 9TH |
|
Albuquerque Dukes batting - Pitching for San Antonio Missions : RHP William Fewox
|
|
Batting: SHB Spike Owen
|
0-0: Foul Ball, location: 2F 0-1: Foul Ball, location: 2F 0-2: Ball 1-2: Ball 2-2: Foul Ball, location: 2F 2-2: Foul Ball, location: 2F 2-2: Fly out, F8 (Flyball, 8RD, EV 82.5 MPH)
|
|
Batting: LHB Dave Yobs
|
0-0: Ball 1-0: Ball 2-0: SINGLE (Line Drive, 7LS, EV 103.8 MPH)
|
|
Batting: RHB George Foussianes
|
0-0: Called Strike 0-1: Ball 1-1: Foul Ball, location: 2F 1-2: Ball 2-2: Ball 3-2: Base on Balls Dave Yobs to second
|
|
Pitching: RHP James Herring
|
|
|
Batting: LHB Andres Romero
|
0-0: Called Strike 0-1: Ball 1-1: Fly out, F8 (Flyball, 78XD, EV 102.5 MPH) Runner from 2nd tags up, SAFE at 3rd, no throw by CF
|
|
Batting: LHB Matthew Henderson
|
0-0: Ball 1-0: Called Strike 1-1: Foul Ball, location: 2F 1-2: Ball 2-2: Foul Ball, location: 2F 2-2: Foul Ball, location: 2F 2-2: Fielders Choice at 2nd, 6-4 (Groundball, 6, EV 81.9 MPH)
|
| Top of the 9th over - 0 runs, 1 hit, 0 errors, 2 left on base; Albuquerque 2 - San Antonio 0 |
| BOTTOM OF THE 9TH |
|
San Antonio Missions batting - Pitching for Albuquerque Dukes : RHP Rob Mendoza
|
|
Pitching: RHP James Quinn
|
|
|
Batting: RHB Larry Hamilton
|
0-0: Ball 1-0: Foul Ball, location: 2F 1-1: Foul Ball, location: 2F 1-2: Ball 2-2: Ground out 4-3 (Groundball, 4, EV 91.3 MPH)
|
|
Batting: LHB Steven Fortune
|
0-0: Foul Ball, location: 2F 0-1: Ground out 4-3 (Groundball, 4, EV 83.1 MPH)
|
|
Batting: RHB Jack Clark
|
0-0: Called Strike 0-1: Ball 1-1: Ball 2-1: Fly out, F4 (Flyball, 4D, EV 93.1 MPH)
|
| Bottom of the 9th over - 0 runs, 0 hits, 0 errors, 0 left on base; Albuquerque 2 - San Antonio 0 |
|